 Dungeon Crawl Stone Soup version 0.30-a0-632-g346586fe48 (console) character file.

Game seed: 4106818634096799434

71 jejorda2 the Poker (level 4, 0/37 HPs)
             Began as a Merfolk Berserker on Jan 14, 2023.
             Was a Follower of Trog.
             Killed by nerve-wracking pain
             ... invoked by Grinder
              (10 damage)
             ... on level 3 of the Dungeon.
             The game lasted 00:03:58 (1585 turns).

jejorda2 the Poker (Merfolk Berserker)              Turns: 1585, Time: 00:03:58

Health: 0/37       AC: 10    Str: 19    XL:     4   Next: 24%
Magic:  4/4        EV:  8    Int:  6    God:    Trog [*.....]
Gold:   54         SH:  0    Dex: 13    Spells: 3/3 levels left

rFire   . . .      SeeInvis .    a - +0 halberd
rCold   . . .      Faith    .    (shield currently unavailable)
rNeg    . . .      Spirit   .    t - +2 chain mail {rPois}
rPois   +          Reflect  .    (no helmet)
rElec   .          Harm     .    (no cloak)
rCorr   .          Rampage  .    (no gloves)
Will    .....                    (no boots) Stlth
                                 (no amulet)
HPRegen 0.26/turn                (no ring)
MPRegen 0.09/turn                (no ring)

@: on berserk cooldown, slowed, very slow
A: (nimble swimmer 2), mertail
a: Renounce Religion, Berserk


You were on level 3 of the Dungeon.
You worshipped Trog.
Trog was aware of your devotion.
You visited 1 branch of the dungeon, and saw 3 of its levels.

You collected 54 gold pieces.

Inventory:

Hand Weapons
 a - a +0 halberd (weapon)
 b - a +0 spear
Missiles
 e - 5 poisoned darts (quivered)
 g - 10 stones
 m - 6 boomerangs
 u - 6 javelins
Armour
 t - a +2 chain mail of poison resistance (worn)
Jewellery
 l - a ring of flight
Scrolls
 c - a scroll of enchant armour {unknown}
 d - a scroll of blinking {unknown}
 f - 2 scrolls of immolation {unknown}
 h - 3 scrolls of identify {unknown}
 k - a scroll of poison {unknown}
 o - a scroll of noise {unknown}
 r - a scroll of magic mapping {unknown}
Potions
 i - 2 potions of curing {unknown}
 j - 2 potions of haste {unknown}
 n - a potion of brilliance {unknown}
 p - a potion of invisibility {unknown}
 q - a potion of magic {unknown}
 s - a potion of degeneration {unknown}


   Skills:
 + Level 3.9 Fighting
 * Level 5.4 Polearms
 - Level 1.3 Armour
 + Level 3.7 Dodging


You had 3 spell levels left.
You didn't know any spells.
Your spell library was empty.

Dungeon Overview and Level Annotations

Branches:
Dungeon (3/15)

Altars:
Fedhas

Annotations:
D:3 Grinder


Innate Abilities, Weirdness & Mutations

((You are very nimble when in or above water. (Stealth+, EV+, Speed+++)))
Your lower body shifts to a powerful aquatic tail in water.


Message History

A red film seems to cover your vision as you go berserk!
You feel yourself moving faster!
You feel mighty!
You closely miss Grinder. You puncture Grinder!
Grinder is moderately wounded.
Grinder blinks!
Found a bubbling amethyst potion.
Grinder gestures at you.
You suddenly lose the ability to move!
Grinder says, "What is the universe for?"
You can move again.
You hit Grinder.
Grinder is moderately wounded.
Grinder gestures at you. Pain shoots through your body!
You barely miss Grinder.
Grinder is moderately wounded.
You are no longer berserk.
You are exhausted.
You feel yourself slow down. Grinder barely misses you.
You closely miss Grinder.
Grinder is moderately wounded.
Grinder hits you.
You writhe in agony.
You hit Grinder.
Grinder is heavily wounded.
Grinder hits you!
You writhe in agony.
Grinder hits you but does no damage.
You slash Grinder!
Grinder is almost dead.
Grinder hits you.
You writhe in agony.
Grinder blinks!
Reach: a) +0 halberd
Press: ? - help, Dir - move target, f - Grinder
Aim: Grinder (almost dead, about 53% to evade your +0 halberd)
You reach to attack!
You closely miss Grinder.
Grinder is almost dead.
Grinder gestures at you. Pain shoots through your body!
* * * LOW HITPOINT WARNING * * *
Grinder gestures at you. Pain shoots through your body!
You die...

#....# #...
#...<# ..# #.
#....###.# ...
#....#......#....
##...._.......#
#......##..#.....
#########..# ####
#...!..#..##
#......@..#
.....5........#
##.....##..##.#
....... ...#
....... ##..#
##..... #.#
##.... .# #.... .


You could see Grinder.

Vanquished Creatures
  4 gnolls
  A dart slug (D:2)
  2 ball pythons
  An endoplasm (D:2)
  4 giant cockroaches
  3 goblins
  3 hobgoblins
  2 kobolds
  3 quokkas (D:1)
  3 bats (D:2)
  2 rats
28 creatures vanquished.

Notes
Turn   | Place    | Note
-------+----------+-------------------------------------------
     0 | D:1      | jejorda2 the Merfolk Berserker began the quest for the Orb.
     0 | D:1      | Reached XP level 1. HP: 18/18 MP: 1/1
   202 | D:1      | Reached XP level 2. HP: 11/24 MP: 2/2
   776 | D:1      | Found a faded altar of an unknown god.
   797 | D:1      | Reached XP level 3. HP: 29/29 MP: 3/3
  1065 | D:2      | Reached skill level 5 in Polearms
  1070 | D:2      | Reached XP level 4. HP: 37/37 MP: 4/4
  1072 | D:2      | Identified the +1 ring mail of Matt {Str+3}
  1280 | D:2      | Reached ** piety under Trog
  1562 | D:3      | Found a blossoming altar of Fedhas.
  1568 | D:3      | Noticed Grinder
  1568 | D:3      | Paralysed by Grinder for 4 turns
  1576 | D:3      | Paralysed by Grinder for 3 turns
  1585 | D:3      | Killed from afar by Grinder

Illustrated notes

Levels and vault maps discovered:
D:1:      lemuel_arrival_lava_pool, layout_basic, basic_ecumenical_altar
D:2:      layout_basic
D:3:      layout_rooms, lemuel_crystal_altar, nicolae_ru_sacrificial_ziggurat,
          overflow_temple_1_default, uniq_grinder, uniq_ijyb

Skill      XL: |  1  2  3 |
---------------+----------+-----
Dodging        | 3 |  3.7
Polearms       | 5 |  5.4
Fighting       | |  3.9
Armour         | |  1.3

Action                   |  1- 3 |  4- 6 || total
-------------------------+-------+-------++-------
Melee: Spear             |    82 |       ||    82
       Punch             |     1 |       ||     1
       Halberd           |       |    28 ||    28
Invok: Berserk           |     1 |     1 ||     2
 Stab: Sleeping          |     1 |       ||     1
Armor: Animal skin       |     2 |       ||     2
       Leather armour    |     7 |       ||     7
       Ring mail         |       |     1 ||     1
       Chain mail        |       |     1 ||     1
Dodge: Dodged            |    35 |     7 ||    42

Table legend: (Time is in decaauts)
 A = Elapsed time spent in this place.
 B = Non-inter-level travel time spent in this place.
 C = Inter-level travel time spent in this place.
 D = Time resting spent in this place.
 E = Time spent auto-exploring this place.
 F = Levels seen in this place.
 G = Mean time per level.
                   A        B        C        D        E       F      G
               +--------+--------+--------+--------+--------+-----+--------+
         Total |   1587 |   1537 |     50 |     17 |   1243 |   3 |  529.0 |
       Dungeon |   1587 |   1537 |     50 |     17 |   1243 |   3 |  529.0 |
               +--------+--------+--------+--------+--------+-----+--------+

Top non-repeatable levels by time:
     D:1: 920 daAuts
     D:2: 642 daAuts
     D:3: 24 daAuts
